 Dungeon Sprint DCSS version 0.31-a0-986-g5e6e4ef867 (webtiles) character file.

Game seed: 4057018173852195155

107 rocky1 the Changeling (level 4, -13/28 HPs)
             Began as an Octopode Shapeshifter on Nov 14, 2023.
             Mangled by a water elemental (21 damage)
             ... in the Dungeon (Sprint III: "The Ten Rune Challenge").
             The game lasted 00:00:51 (386 turns).

rocky1 the Changeling (Octopode Shapeshifter)        Turns: 386, Time: 00:00:52

Health: -13/28     AC:  1    Str: 12    XL:     4   Next: 86%
Magic:  4/4        EV: 13    Int: 16    God:
Gold:   28         SH:  0    Dex: 12    Spells: 3/3 levels left

rFire   . .          .
                       - Unarmed
rCold   . . .        (no shield)
rNeg    . . .        (helmet currently unavailable)
rPois   .            (no amulet)
rElec   .            (no ring)
rCorr   .            (no ring)
SInv    .            (no ring)
Will    .....        (no ring)
Stlth   ++           (no ring)
HPRegen 0.24/turn    (no ring)
MPRegen 0.09/turn    (no ring)
                     (no ring)

%: no teleportation
@: beast-form, engulfed
A: beast (slay +3), almost no armour, amphibious, 8 rings, camouflage 1,
gelatinous body 1, (nimble swimmer 1), tentacles, clever 1
a: Begin Untransformation


You were in the Dungeon.
You were a hulking beast.
You visited 1 branch You collected 28 gold pieces.

Inventory:

Talismans
 b - a beast talisman
 c - a flux talisman
Scrolls
 i - a scroll of blinking
 k - 2 scrolls of torment {unknown}
 l - 2 scrolls of identify {unknown}
Potions
 a - a potion of lignification
 d - a potion of curing
 e - 2 potions of heal wounds
 f - 2 potions of haste
 g - 3 potions of magic
 h - a potion of berserk rage
 j - 2 potions of mutation
 m - 2 potions of enlightenment


   Skills:
 + Level 1.6 Fighting
 + Level 3.3 Dodging
 + Level 6.2 Unarmed Combat
 + Level 6.7 Shapeshifting


You had 3 spell levels left.
You didn't know any spells.
Your spell library contained the following spells:

 Spells                   Type           Power      Damage    Failure   Level
 Apportation              Tloc           0%         N/A       26%         1
 Jinxbite                 Hex            0%         N/A       36%         2
 Alistair's Intoxication  Tmut/Pois      0%         N/A       100%        5


Dungeon Overview and Level Annotations

Branches:
Dungeon (1/1)

Altars:


Innate Abilities, Weirdness & Mutations

You are a hulking beast.
Your limbs bulge with bestial killing power. (Slay +3)
You cannot wear most types of armour.
You are amphibious.
You can wear up to eight rings at the same time.
Your skin changes colour to match your surroundings (Stealth+).
Your rubbery body absorbs attacks. (AC +1, EV +1)
((You are camouflaged when in or above water. (Stealth+)))
You have tentacles for arms and can constrict up to eight enemies at once.
Your mind is acute. (Int +4, Str/Dex -1)


Message History

Found 28 gold pieces and 2 fuming inky potions.
There is an open door here.
You now have 16 gold pieces.
j - a fuming inky potion;
k - a scroll labelled BUEB KAZOU
l - a scroll labelled ILIMAT QIUWUTI;
f - 2 potions of haste (gained 1)
m - 2 potions of enlightenment
j - 2 fuming inky potions (gained 1)
k - 2 scrolls labelled BUEB KAZOU (gained 1)
l - 2 scrolls labelled ILIMAT QIUWUTI (gained 1)
j - 3 fuming inky potions (gained 1);
g - 3 potions of magic (gained 1)
You now have 28 gold pieces (gained 12).
There is an open door here.
Okay, then.
It was a potion of mutation.
You feel extremely strange.
Your teeth lengthen and sharpen.
Your teeth shrink to normal size.
You feel clever.
You enter the shallow water.
You see here a human corpse.
You open the door.
A water elemental comes into view.
Okay, then.
There is an open door to the Ecumenical Temple here.
The water elemental hits you.
You barely miss the water elemental.
Your squeeze misses the water elemental.
The water elemental closely misses you.
You tentacle-slap the water elemental.
The water elemental is moderately damaged.
The water elemental hits you.
The water elemental engulfs you in water!
You bludgeon the water elemental! You tentacle-slap the water elemental!
Your squeeze misses the water elemental.
The water elemental is severely damaged.
The water elemental hits you!
* * * LOW HITPOINT WARNING * * *
You closely miss the water elemental.
The water elemental is severely damaged.
The water elemental hits you!!
Ouch! That really hurt!
You die...

▓▓▓▓▓▓▓▓ ▓▓▓ #..'...♣♣♣♣
♣.# #..#......♣ ♣♣.#
####......♣ ..#
...#....~.♣ ♣♣.###+#+###
...#...~~♣♣♣♣..#........
...#..~~~~♣....'hE......
##'#..~≈≈~~~♣♣.#...#####
)..#.~~≈~†~....#.⌠.#
...#.~≈~~~.....#...#
...#.~~~.......#+###
####...........#
...............#
▓▓▓▓▓▓▓▓▓▓▓▓▓▓▓▓


You could see a water elemental.

Vanquished Creatures
  A scorpion (D)
  Jessica (D)
  A human (D)
  An endoplasm (D)
  2 rats (D)
6 creatures vanquished.

Notes
Turn   | Place    | Note
-------+----------+-------------------------------------------
     0 | D        | rocky1 the Octopode Shapeshifter began the quest for the
                  | Orb.
     0 | D        | Reached XP level 1. HP: 13/13 MP: 1/1
    15 | D        | Noticed Jessica
    20 | D        | Killed Jessica
    21 | D        | Reached skill level 5 in Shapeshifting
    21 | D        | Reached XP level 2. HP: 4/18 MP: 2/2
    21 | D        | Reached XP level 3. HP: 6/23 MP: 3/3
   214 | D        | Noticed a scorpion
   221 | D        | Killed a scorpion
   222 | D        | Reached skill level 5 in Unarmed Combat
   222 | D        | Reached XP level 4. HP: 12/28 MP: 4/4
   368 | D        | Gained mutation: You have very sharp teeth. [potion of
                  | mutation]
   368 | D        | Lost mutation: You have very sharp teeth. [potion of
                  | mutation]
   368 | D        | Gained mutation: Your mind is acute. (Int +4, Str/Dex -1)
                  | [potion of mutation]
   380 | D        | Noticed a water elemental
   386 | D        | Mangled by a water elemental

Illustrated notes

Levels and vault maps discovered:
D:        dungeon_sprint_mu [sprint_mu_entry_forest, sprint_mu_temple_rooms,
          sprint_mu_d1_spiders, sprint_mu_d2_genie, sprint_mu_d3_branching,
          sprint_mu_orc_legion, sprint_mu_elf_gauntlet, sprint_mu_hive_nellie,
          sprint_mu_lair_fedhas, sprint_mu_vaults_butterflies,
          sprint_mu_slime_circle, sprint_mu_shoals_kraken,
          sprint_mu_snake_twists, sprint_mu_blade_basic,
          sprint_mu_crypt_fortress, sprint_mu_tomb_spiral,
          sprint_mu_vestibule_basic, sprint_mu_gehenna_hellfire,
          sprint_mu_dis_giant, sprint_mu_tartarus_statrot,
          sprint_mu_cocytus_islands, sprint_mu_zot1]

Skill      XL: |  1  2  3  4 |
---------------+-------------+-----
Unarmed Combat | 4 5 6 |  6.2
Shapeshifting  | 5 6 |  6.7
Dodging        | 3 |  3.3
Fighting       | |  1.6

Action                     |  1- 3 |  4- 6 || total
---------------------------+-------+-------++-------
  Melee: Unarmed           |    11 |    11 ||    22
         Tentacles         |     3 |     2 ||     5
         Constrict         |     3 |     1 ||     4
         Punch             |       |     2 ||     2
    Use: Potion            |       |     1 ||     1
 Armour: Skin              |     5 |     5 ||    10
  Dodge: Dodged            |     3 |     4 ||     7

Table legend: (Time is in decaauts)
 A = Elapsed time spent in this place.
 B = Non-inter-level travel time spent in this place.
 C = Inter-level travel time spent in this place.
 D = Time resting spent in this place.
 E = Time spent auto-exploring this place.
 F = Levels seen in this place.
 G = Mean time per level.
                   A        B        C        D        E       F      G
               +--------+--------+--------+--------+--------+-----+--------+
         Total |    384 |    384 |      0 |    270 |      0 |   1 |  384.0 |
       Dungeon |    384 |    384 |      0 |    270 |      0 |   1 |  384.0 |
               +--------+--------+--------+--------+--------+-----+--------+

Top non-repeatable levels by time:
       D: 384 daAuts
